Jets vs Panthers

Created - 1 décembre 2016 at 19:04

Goals
1 2 3 T
Jets 1 0 1 2
Panthers 0 3 1 4
Shots
1 2 3 T
Jets 6 12 6 24
Panthers 13 8 11 32

1st period

1. Jets , Dustin Brown 6 (Benoit Pouliot, Eric Gelinas) at 16:04

Penalties :
Anton Volchenkov (Win) for Roughing (Minor) at 4:20, Shawn Horcoff (Flo) for Hooking (Minor) at 7:53, Jussi Jokinen (Win) for Tripping (Minor) at 12:56

2nd period

2. Panthers , Shawn Horcoff 1 (Peter Prucha, Antti Niemi) at 9:18 (SH)
3. Panthers , Scott Gomez 8 (Taylor Hall) at 12:19
4. Panthers , Sidney Crosby 8 (Marian Hossa, Sergei Samsonov) at 18:54

Penalties :
Sergei Samsonov (Flo) for High sticking (Double Minor) at 0:45, Scott Gomez (Flo) for High sticking (Minor) at 8:08, Marian Hossa (Flo) for Roughing (Minor) at 15:55

3rd period

5. Jets , Derek Roy 10 (Anton Volchenkov) at 0:31
6. Panthers , Ryan Bayda 1 (Mike Fisher) at 7:11

Penalties :
Derek Roy (Win) for Hooking (Minor) at 1:53, Sergei Samsonov (Flo) for Hooking (Minor) at 7:27, Erik Gudbranson (Flo) for Charging (Minor) at 11:56, Nick Schultz (Flo) for Roughing (Minor) at 15:33

Goalie Stats

Kari Lehtonen (Win), 28 saves from 32 shots - (0,875), L, 6-6-1, 60:00 minutes
Antti Niemi (Flo), 22 saves from 24 shots - (0,917), W, 6-6-1, 60:00 minutes

Players Stats for Jets

Player Name              G  A  P  +/- PIM S  H  SB GA TA FO     MP     PP MP  PK MP  
------------------------------------------------------------------------------------
Adam Pardy               0  0  0   1  0   1  0  0  1  1  0/0    12:15   0:00   0:59 
Anton Volchenkov         0  1  1  -1  2   2  2  1  1  1  0/0    26:32   8:59   2:38 
Benoit Pouliot           0  1  1  -1  0   3  1  0  0  0  1/2    20:29   8:47   1:10 
Blake Wheeler            0  0  0  -1  0   0  0  1  0  1  0/1    14:00   0:46   1:22 
Brent Seabrook           0  0  0  -1  0   1  0  0  0  0  0/0    26:10   8:59   4:35 
Derek Roy                1  0  1  -2  2   2  0  0  0  0  10/23  22:43   8:38   2:20 
Dmitri Kalinin           0  0  0  -2  0   1  2  0  1  0  0/0    21:26   6:54   2:20 
Dustin Brown             1  0  1  -1  0   2  2  1  1  0  0/1    20:20   8:42   1:22 
Eric Fehr                0  0  0   0  0   2  1  0  0  1  0/0     7:56   0:30   0:00 
Eric Gelinas             0  1  1   0  0   4  0  1  0  0  0/0    19:37   6:54   0:00 
Jussi Jokinen            0  0  0  -1  2   2  1  0  1  0  1/3    18:31   6:29   0:26 
Lee Stempniak            0  0  0   0  0   1  0  1  0  0  0/0     8:39   0:00   0:00 
Marcel Hossa             0  0  0   0  0   0  2  0  0  0  1/1     7:59   0:37   0:00 
Marco Scandella          0  0  0  -1  0   0  2  0  0  0  0/0    14:11   0:00   1:22 
Michael Rupp             0  0  0   0  0   0  3  0  0  0  0/0    11:38   0:00   2:59 
Mikko Koivu              0  0  0   0  0   1  2  0  2  0  6/13   17:31   6:29   0:43 
Tyler Seguin             0  0  0   0  0   0  0  0  0  0  3/5    14:40   6:29   1:06 
Zack Hamill              0  0  0   0  0   2  0  0  0  0  4/5     9:23   0:12   0:26 

Players Stats for Panthers

Player Name              G  A  P  +/- PIM S  H  SB GA TA FO     MP     PP MP  PK MP  
------------------------------------------------------------------------------------
Alexander Perezhogin     0  0  0   0  0   0  1  0  0  0  0/0     8:15   0:03   0:00 
Brad Stuart              0  0  0   4  0   1  0  0  0  0  0/0    19:16   2:14   6:50 
Erik Gudbranson          0  0  0   0  2   1  1  0  0  0  0/0    12:08   0:00   0:10 
Jeff Tambellini          0  0  0   0  0   0  0  0  0  0  0/0    10:31   0:03   2:17 
Marian Hossa             0  1  1   0  2   3  4  2  0  0  2/2    22:57   3:19   7:29 
Matt Halischuk           0  0  0   1  0   1  2  0  0  0  0/0     7:16   0:03   0:00 
Matthew Spiller          0  0  0  -2  0   2  0  3  1  0  0/0    28:37   3:43   8:53 
Mike Fisher              0  1  1   2  0   2  1  1  1  0  0/3     8:12   0:00   0:57 
Nick Schultz             0  0  0   0  2   0  0  0  0  0  0/0    12:07   0:00   0:10 
Oliver Ekman-Larsson     0  0  0   4  0   1  1  2  0  2  0/0    19:16   2:14   6:50 
Peter Prucha             0  1  1   1  0   0  4  0  0  1  1/1    18:02   2:35   4:53 
Ryan Bayda               1  0  1   1  0   3  1  0  0  0  0/1     7:13   0:00   0:00 
Scott Gomez              1  0  1   0  2   3  2  0  1  0  5/7    17:13   2:35   4:05 
Sergei Samsonov          0  1  1   0  6   3  2  1  0  0  0/1    15:26   3:19   0:00 
Shawn Horcoff            1  0  1   0  2   2  1  0  0  0  1/1    11:55   0:00   3:25 
Sidney Crosby            1  0  1   0  0   3  1  0  0  4  19/36  23:54   3:19   8:26 
Steve Montador           0  0  0  -2  0   2  1  1  0  0  0/0    28:37   3:43   8:53 
Taylor Hall              0  1  1   0  0   5  1  0  1  0  0/2    13:05   2:35   0:14 

3 Stars

1 - Ryan Bayda (Flo)
2 - Peter Prucha (Flo)
3 - Oliver Ekman-Larsson (Flo)

Power Play

Jets - 0 on 8 Attempt(s) - 0,00%
Panthers - 0 on 3 Attempt(s) - 0,00%

Penalty Kill

Jets - 3 on 3 Attempt(s) - 100,00% - Score 0 goal in Penalty Kill
Panthers - 8 on 8 Attempt(s) - 100,00% - Score 1 goal in Penalty Kill

Team Stat

Jets - Hits : 18 - Faceoff Wins : 26 - Blocked Shots : 5 - Penalty Minutes : 6
Panthers - Hits : 23 - Faceoff Wins : 28 - Blocked Shots : 10 - Penalty Minutes : 16

Official

Referees : Pollock Kevin and Lee Chris
Linesman : David Brisebois and Tony Sericolo

Game Notes

No Game Note

Finance

Level 1 -- Attendance: 5879 (97,98%) -- Ticket Income 487 957 $
Level 2 -- Attendance: 5000 (100,00%) -- Ticket Income 250 000 $
Level 3 -- Attendance: 1096 (54,80%) -- Ticket Income 46 032 $
Level 4 -- Attendance: 2416 (60,40%) -- Ticket Income 65 232 $
Luxury Box -- Attendance: 1000 (100,00%) -- Ticket Income 140 000 $
Game was played at the Bank Atlantic Cente.
Total Attendance: 15391 (85,51%)
Total Ticket Income: 989 221 $
Other Income: 148 383 $
Total Income: 1 137 604 $

Jets

5 vs 5 Forward 
   Center                   Left Wing                Right Wing               Time % Phy DF OF 
 1 Mikko Koivu              Benoit Pouliot           Dustin Brown             33     1   2  2  
 2 Derek Roy                Jussi Jokinen            Blake Wheeler            33     1   2  2  
 3 Zack Hamill              Michael Rupp             Lee Stempniak            18     1   2  2  
 4 Tyler Seguin             Marcel Hossa             Eric Fehr                16     1   2  2  

5 vs 5 Defense 
   Defense                  Defense                                           Time % Phy DF OF 
 1 Brent Seabrook           Anton Volchenkov                                  33     1   2  2  
 2 Dmitri Kalinin           Marco Scandella                                   30     1   2  2  
 3 Eric Gelinas             Adam Pardy                                        27     1   2  2  
 4 Anton Volchenkov         Marco Scandella                                   10     1   2  2  

PowerPlay Forward 
   Center                   Left Wing                Right Wing               Time % Phy DF OF 
 1 Derek Roy                Benoit Pouliot           Dustin Brown             60     1   0  4  
 2 Mikko Koivu              Jussi Jokinen            Tyler Seguin             40     1   0  4  

PowerPlay Defense
   Defense                  Defense                                           Time % Phy DF OF 
 1 Anton Volchenkov         Brent Seabrook                                    60     0   1  4  
 2 Dmitri Kalinin           Eric Gelinas                                      40     0   1  4  

Penalty Kill 4 Players Forward 
   Center                   Wing                     Time % Phy DF OF 
 1 Derek Roy                Michael Rupp             60     0   5  0  
 2 Dustin Brown             Blake Wheeler            40     0   5  0  

Penalty Kill 4 Players Defense
   Defense                  Defense                  Time % Phy DF OF 
 1 Anton Volchenkov         Brent Seabrook           60     0   5  0  
 2 Dmitri Kalinin           Marco Scandella          40     0   5  0  

Penalty Kill - 3 Players Forward 
   Forward                                           Time % Phy DF OF 
 1 Blake Wheeler                                     55     0   4  1  
 2 Dustin Brown                                      45     0   4  1  

Penalty Kill - 3 Players Defense
   Defense                  Defense                  Time % Phy DF OF 
 1 Anton Volchenkov         Brent Seabrook           55     1   2  2  
 2 Dmitri Kalinin           Marco Scandella          45     1   2  2  

4 vs 4 Forward 
   Center                   Wing                     Time % Phy DF OF 
 1 Derek Roy                Benoit Pouliot           60     1   1  3  
 2 Mikko Koivu              Dustin Brown             40     1   1  3  

4 vs 4 Defense
   Defense                  Defense                  Time % Phy DF OF 
 1 Brent Seabrook           Anton Volchenkov         60     0   3  2  
 2 Dmitri Kalinin           Marco Scandella          40     0   3  2  

Last Minutes Offensive
   Center                   Left Wing                Right Wing               Defense                  Defense                  
   Derek Roy                Benoit Pouliot           Dustin Brown             Brent Seabrook           Anton Volchenkov         

Last Minutes Defensive
   Center                   Left Wing                Right Wing               Defense                  Defense                  
   Derek Roy                Michael Rupp             Blake Wheeler            Brent Seabrook           Anton Volchenkov         

Goaltenders
Starting : Kari Lehtonen            
Backup : Jacob Markstrom          

Extra Forwards
Normal : Derek Roy, Dustin Brown, Benoit Pouliot - PP : Blake Wheeler, Derek Roy - PK : Derek Roy
Extra Defensemen
Normal : Dmitri Kalinin, Brent Seabrook, Anton Volchenkov - PP : Anton Volchenkov - PK : Dmitri Kalinin, Anton Volchenkov
Penalty Shots
Benoit Pouliot, Derek Roy, Blake Wheeler, Dustin Brown, Mikko Koivu

Panthers

5 vs 5 Forward 
   Center                   Left Wing                Right Wing               Time % Phy DF OF 
 1 Sidney Crosby            Sergei Samsonov          Marian Hossa             40     1   2  2  
 2 Scott Gomez              Taylor Hall              Peter Prucha             30     1   2  2  
 3 Shawn Horcoff            Jeff Tambellini          Alexander Perezhogin     20     1   2  2  
 4 Mike Fisher              Ryan Bayda               Matt Halischuk           10     1   2  2  

5 vs 5 Defense 
   Defense                  Defense                                           Time % Phy DF OF 
 1 Steve Montador           Matthew Spiller                                   40     1   2  2  
 2 Oliver Ekman-Larsson     Brad Stuart                                       30     1   2  2  
 3 Nick Schultz             Erik Gudbranson                                   20     1   2  2  
 4 Steve Montador           Matthew Spiller                                   10     1   2  2  

PowerPlay Forward 
   Center                   Left Wing                Right Wing               Time % Phy DF OF 
 1 Sidney Crosby            Sergei Samsonov          Marian Hossa             60     1   2  2  
 2 Scott Gomez              Taylor Hall              Peter Prucha             40     1   2  2  

PowerPlay Defense
   Defense                  Defense                                           Time % Phy DF OF 
 1 Steve Montador           Matthew Spiller                                   60     1   2  2  
 2 Oliver Ekman-Larsson     Brad Stuart                                       40     1   2  2  

Penalty Kill 4 Players Forward 
   Center                   Wing                     Time % Phy DF OF 
 1 Sidney Crosby            Marian Hossa             60     1   2  2  
 2 Scott Gomez              Peter Prucha             40     1   2  2  

Penalty Kill 4 Players Defense
   Defense                  Defense                  Time % Phy DF OF 
 1 Steve Montador           Matthew Spiller          60     1   2  2  
 2 Oliver Ekman-Larsson     Brad Stuart              40     1   2  2  

Penalty Kill - 3 Players Forward 
   Forward                                           Time % Phy DF OF 
 1 Sidney Crosby                                     60     1   2  2  
 2 Marian Hossa                                      40     1   2  2  

Penalty Kill - 3 Players Defense
   Defense                  Defense                  Time % Phy DF OF 
 1 Steve Montador           Matthew Spiller          60     1   2  2  
 2 Oliver Ekman-Larsson     Brad Stuart              40     1   2  2  

4 vs 4 Forward 
   Center                   Wing                     Time % Phy DF OF 
 1 Sidney Crosby            Marian Hossa             60     1   2  2  
 2 Scott Gomez              Peter Prucha             40     1   2  2  

4 vs 4 Defense
   Defense                  Defense                  Time % Phy DF OF 
 1 Steve Montador           Matthew Spiller          60     1   2  2  
 2 Oliver Ekman-Larsson     Brad Stuart              40     1   2  2  

Last Minutes Offensive
   Center                   Left Wing                Right Wing               Defense                  Defense                  
   Sidney Crosby            Sergei Samsonov          Marian Hossa             Steve Montador           Matthew Spiller          

Last Minutes Defensive
   Center                   Left Wing                Right Wing               Defense                  Defense                  
   Sidney Crosby            Sergei Samsonov          Marian Hossa             Steve Montador           Matthew Spiller          

Goaltenders
Starting : Antti Niemi              
Backup : Jeff Deslauriers         

Extra Forwards
Normal : Jeff Tambellini, Alexander Perezhogin, Shawn Horcoff - PP : Jeff Tambellini, Alexander Perezhogin - PK : Shawn Horcoff
Extra Defensemen
Normal : Nick Schultz, Erik Gudbranson, Oliver Ekman-Larsson - PP : Nick Schultz - PK : Erik Gudbranson, Oliver Ekman-Larsson
Penalty Shots
Sidney Crosby, Marian Hossa, Scott Gomez, Peter Prucha, Sergei Samsonov

% Time on Ice - Jets

Lines # - Real PCT - Wanted PCT - Time Play
Normal Forward
1 - 29% - 33% - 11:02
2 - 30% - 33% - 11:31
3 - 23% - 18% - 8:39
4 - 18% - 16% - 6:58
Normal Defense
1 - 33% - 33% - 12:30
2 - 32% - 30% - 12:21
3 - 30% - 27% - 11:27
4 - 5% - 10% - 1:52
PP Forward
1 - 57% - 60% - 9:03
2 - 43% - 40% - 6:50
PP Defense
1 - 57% - 60% - 8:59
2 - 43% - 40% - 6:54
PK Forward
1 - 77% - 60% - 4:35
2 - 23% - 40% - 1:22
PK Defense
1 - 77% - 60% - 4:35
2 - 23% - 40% - 1:22
PK3 Forward
1 - 0% - 55%
2 - 0% - 45%
PK3 Defense
1 - 0% - 55%
2 - 0% - 45%
44 Forward
1 - 0% - 60%
2 - 0% - 40%
44 Defense
1 - 0% - 60%
2 - 0% - 40%
Last Minute Offensive  - 0:00
Last Minute Defensive  - 0:00
Total
Forward - 60:00
Defense - 60:00

% Time on Ice - Panthers

Lines # - Real PCT - Wanted PCT - Time Play
Normal Forward
1 - 32% - 40% - 12:24
2 - 28% - 30% - 10:34
3 - 21% - 20% - 7:59
4 - 19% - 10% - 7:13
Normal Defense
1 - 40% - 40% - 15:12
2 - 27% - 30% - 10:12
3 - 31% - 20% - 11:57
4 - 2% - 10% - 0:49
PP Forward
1 - 57% - 60% - 3:22
2 - 43% - 40% - 2:35
PP Defense
1 - 62% - 60% - 3:43
2 - 38% - 40% - 2:14
PK Forward
1 - 69% - 60% - 11:00
2 - 31% - 40% - 4:53
PK Defense
1 - 57% - 60% - 9:03
2 - 43% - 40% - 6:50
PK3 Forward
1 - 0% - 60%
2 - 0% - 40%
PK3 Defense
1 - 0% - 60%
2 - 0% - 40%
44 Forward
1 - 0% - 60%
2 - 0% - 40%
44 Defense
1 - 0% - 60%
2 - 0% - 40%
Last Minute Offensive  - 0:00
Last Minute Defensive  - 0:00
Total
Forward - 60:00
Defense - 60:00

Play by Play

1st period


0:01 of 1st period - Mikko Koivu wins face-off versus Sidney Crosby in neutral zone.
0:14 of 1st period - Slapshot by Mikko Koivu.
0:14 of 1st period - Shot Misses the Net.
1:11 of 1st period - Slapshot by Anton Volchenkov.
1:11 of 1st period - Shot Blocked by Oliver Ekman-Larsson.
1:13 of 1st period - Snap shot by Eric Fehr.
1:13 of 1st period - Stopped by Antti Niemi with a rebound.
1:15 of 1st period - Slapshot by Eric Fehr.
1:15 of 1st period - Stopped by Antti Niemi without a rebound.
1:16 of 1st period - Sidney Crosby wins face-off versus Tyler Seguin in Panthers zone.
1:25 of 1st period - Slapshot by Sidney Crosby.
1:25 of 1st period - Shot Misses the Net.
1:41 of 1st period - Peter Prucha is hit by Dustin Brown and loses puck.
1:48 of 1st period - Snap shot by Benoit Pouliot.
1:48 of 1st period - Stopped by Antti Niemi without a rebound.
1:49 of 1st period - Marian Hossa wins face-off versus Jussi Jokinen in Panthers zone.
1:56 of 1st period - Snap shot by Sidney Crosby.
1:56 of 1st period - Deflect By Marian Hossa.
1:56 of 1st period - Stopped by Kari Lehtonen with a rebound.
2:18 of 1st period - Wrist shot by Benoit Pouliot.
2:18 of 1st period - Shot Misses the Net.
2:36 of 1st period - Eric Gelinas is hit by Alexander Perezhogin.
2:37 of 1st period - Icing by Eric Gelinas.
2:38 of 1st period - Mikko Koivu wins face-off versus Scott Gomez in Jets zone.
2:43 of 1st period - Eric Gelinas is hit by Peter Prucha.
3:37 of 1st period - Icing by Ryan Bayda.
3:38 of 1st period - Zack Hamill wins face-off versus Mike Fisher in Panthers zone.
3:51 of 1st period - Snap shot by Mike Fisher.
3:51 of 1st period - Shot Misses the Net.
4:03 of 1st period - Snap shot by Mike Fisher.
4:03 of 1st period - Stopped by Kari Lehtonen without a rebound.
4:04 of 1st period - Scott Gomez wins face-off versus Derek Roy in Jets zone.
4:20 of 1st period - Minor Penalty to Anton Volchenkov for Roughing.
4:21 of 1st period - Sidney Crosby wins face-off versus Derek Roy in Jets zone.
4:53 of 1st period - Wrist shot by Taylor Hall.
4:53 of 1st period - Stopped by Kari Lehtonen without a rebound.
4:54 of 1st period - Sidney Crosby wins face-off versus Dustin Brown in Jets zone.
5:09 of 1st period - Snap shot by Marian Hossa.
5:09 of 1st period - Stopped by Kari Lehtonen with a rebound.
6:20 of 1st period - Penalty to Anton Volchenkov is over, Anton Volchenkov is back on ice.
6:24 of 1st period - Anton Volchenkov is hit by Sergei Samsonov and loses puck.
6:57 of 1st period - Brad Stuart is hit by Mikko Koivu and loses puck.
7:12 of 1st period - Matt Halischuk is hit by Michael Rupp and loses puck.
7:35 of 1st period - Anton Volchenkov is hit by Taylor Hall and loses puck.
7:51 of 1st period - Snap shot by Benoit Pouliot.
7:51 of 1st period - Shot Blocked by Matthew Spiller.
7:53 of 1st period - Minor Penalty to Shawn Horcoff for Hooking.
7:54 of 1st period - Derek Roy wins face-off versus Sidney Crosby in Panthers zone.
7:57 of 1st period - Snap shot by Dustin Brown.
7:57 of 1st period - Shot Misses the Net.
7:59 of 1st period - Slapshot by Eric Gelinas.
7:59 of 1st period - Shot Misses the Net.
8:01 of 1st period - Slapshot by Dmitri Kalinin.
8:01 of 1st period - Stopped by Antti Niemi without a rebound.
8:02 of 1st period - Derek Roy wins face-off versus Sidney Crosby in Panthers zone.
8:09 of 1st period - Wrist shot by Derek Roy.
8:09 of 1st period - Deflect By Benoit Pouliot.
8:09 of 1st period - Shot Blocked by Matthew Spiller.
8:09 of 1st period - Puck is out of play.
8:10 of 1st period - Derek Roy wins face-off versus Sidney Crosby in Panthers zone.
9:08 of 1st period - Jussi Jokinen is hit by Scott Gomez and loses puck.
9:53 of 1st period - Penalty to Shawn Horcoff is over, Shawn Horcoff is back on ice.
10:03 of 1st period - Snap shot by Alexander Perezhogin.
10:03 of 1st period - Shot Misses the Net.
11:13 of 1st period - Icing by Marco Scandella.
11:14 of 1st period - Scott Gomez wins face-off versus Benoit Pouliot in Jets zone.
11:15 of 1st period - Wrist shot by Peter Prucha.
11:15 of 1st period - Shot Blocked by Dustin Brown.
12:31 of 1st period - Icing by Dmitri Kalinin.
12:32 of 1st period - Zack Hamill wins face-off versus Mike Fisher in Jets zone.
12:39 of 1st period - Snap shot by Jussi Jokinen.
12:39 of 1st period - Shot Blocked by Matthew Spiller.
12:49 of 1st period - Jussi Jokinen is hit by Ryan Bayda and loses puck.
12:56 of 1st period - Minor Penalty to Jussi Jokinen for Tripping.
12:57 of 1st period - Sidney Crosby wins face-off versus Derek Roy in Jets zone.
12:58 of 1st period - Slapshot by Marian Hossa.
12:58 of 1st period - Shot Blocked by Anton Volchenkov.
13:12 of 1st period - Wrist shot by Marian Hossa.
13:12 of 1st period - Stopped by Kari Lehtonen without a rebound.
13:13 of 1st period - Derek Roy wins face-off versus Sidney Crosby in Jets zone.
13:13 of 1st period - Derek Roy is hit by Steve Montador.
13:39 of 1st period - Brent Seabrook is hit by Scott Gomez and loses puck.
14:56 of 1st period - Penalty to Jussi Jokinen is over, Jussi Jokinen is back on ice.
15:02 of 1st period - Tyler Seguin is hit by Sergei Samsonov and loses puck.
15:40 of 1st period - Snap shot by Jussi Jokinen.
15:40 of 1st period - Stopped by Antti Niemi without a rebound.
15:41 of 1st period - Scott Gomez wins face-off versus Derek Roy in Panthers zone.
15:52 of 1st period - Snap shot by Peter Prucha.
15:52 of 1st period - Deflect By Scott Gomez.
15:52 of 1st period - Stopped by Kari Lehtonen without a rebound.
15:53 of 1st period - Sidney Crosby wins face-off versus Mikko Koivu in Jets zone.
15:56 of 1st period - Slapshot by Sidney Crosby.
15:56 of 1st period - Deflect By Sergei Samsonov.
15:56 of 1st period - Stopped by Kari Lehtonen with a rebound.
16:02 of 1st period - Wrist shot by Dustin Brown.
16:02 of 1st period - Shot Misses the Net.
16:04 of 1st period - Snap shot by Dustin Brown.
16:04 of 1st period - Goal by Dustin Brown - Jets : 1 - Panthers : 0.
16:05 of 1st period - Sidney Crosby wins face-off versus Derek Roy in neutral zone.
16:10 of 1st period - Wrist shot by Sergei Samsonov.
16:10 of 1st period - Stopped by Kari Lehtonen with a rebound.
16:12 of 1st period - Slapshot by Matthew Spiller.
16:12 of 1st period - Stopped by Kari Lehtonen with a rebound.
16:14 of 1st period - Slapshot by Steve Montador.
16:14 of 1st period - Stopped by Kari Lehtonen without a rebound.
16:15 of 1st period - Sidney Crosby wins face-off versus Jussi Jokinen in Jets zone.
16:46 of 1st period - Backhand shot by Derek Roy.
16:46 of 1st period - Shot Misses the Net.
16:52 of 1st period - Derek Roy is hit by Sidney Crosby and loses puck.
16:57 of 1st period - Snap shot by Sidney Crosby.
16:57 of 1st period - Deflect By Sergei Samsonov.
16:57 of 1st period - Stopped by Kari Lehtonen without a rebound.
16:58 of 1st period - Scott Gomez wins face-off versus Mikko Koivu in Jets zone.
18:04 of 1st period - Marco Scandella is hit by Peter Prucha and loses puck.
18:28 of 1st period - Slapshot by Steve Montador.
18:28 of 1st period - Stopped by Kari Lehtonen with a rebound.
18:58 of 1st period - Wrist shot by Taylor Hall.
18:58 of 1st period - Stopped by Kari Lehtonen with a rebound.
19:03 of 1st period - Off-side.
19:04 of 1st period - Jussi Jokinen wins face-off versus Sidney Crosby in neutral zone.
19:13 of 1st period - Snap shot by Jussi Jokinen.
19:13 of 1st period - Shot Misses the Net.
19:29 of 1st period - Eric Gelinas is hit by Peter Prucha and loses puck.
19:41 of 1st period - Snap shot by Mikko Koivu.
19:41 of 1st period - Shot Misses the Net.
Goals for this period are 1 for Jets vs 0 for Panthers.
Shots for this period are 6 for Jets vs 13 for Panthers.

2nd period


0:01 of 2nd period - Derek Roy wins face-off versus Sidney Crosby in neutral zone.
0:31 of 2nd period - Scott Gomez is hit by Dustin Brown and loses puck.
0:40 of 2nd period - Snap shot by Dustin Brown.
0:40 of 2nd period - Stopped by Antti Niemi without a rebound.
0:41 of 2nd period - Tyler Seguin wins face-off versus Sidney Crosby in Panthers zone.
0:45 of 2nd period - Double Minor Penalty to Sergei Samsonov for High sticking.
0:46 of 2nd period - Derek Roy wins face-off versus Sidney Crosby in Panthers zone.
0:58 of 2nd period - Wrist shot by Sidney Crosby.
0:58 of 2nd period - Stopped by Kari Lehtonen without a rebound.
0:59 of 2nd period - Benoit Pouliot wins face-off versus Sidney Crosby in Jets zone.
0:59 of 2nd period - Benoit Pouliot is hit by Marian Hossa.
1:11 of 2nd period - Snap shot by Derek Roy.
1:11 of 2nd period - Shot Hit the Post.
1:13 of 2nd period - Slapshot by Anton Volchenkov.
1:13 of 2nd period - Stopped by Antti Niemi with a rebound.
1:26 of 2nd period - Icing by Jussi Jokinen.
1:27 of 2nd period - Mikko Koivu wins face-off versus Sidney Crosby in Jets zone.
1:32 of 2nd period - Slapshot by Brent Seabrook.
1:32 of 2nd period - Shot Misses the Net.
3:23 of 2nd period - Dmitri Kalinin is hit by Shawn Horcoff and loses puck.
3:53 of 2nd period - Sidney Crosby is hit by Eric Fehr and loses puck.
4:38 of 2nd period - Dmitri Kalinin is hit by Mike Fisher and loses puck.
4:45 of 2nd period - Penalty to Sergei Samsonov is over, Sergei Samsonov is back on ice.
4:52 of 2nd period - Off-side.
4:53 of 2nd period - Zack Hamill wins face-off versus Ryan Bayda in neutral zone.
5:18 of 2nd period - Icing by Matt Halischuk.
5:19 of 2nd period - Marcel Hossa wins face-off versus Taylor Hall in Panthers zone.
5:44 of 2nd period - Matthew Spiller is hit by Anton Volchenkov and loses puck.
6:28 of 2nd period - Taylor Hall is hit by Michael Rupp and loses puck.
6:35 of 2nd period - Wrist shot by Lee Stempniak.
6:35 of 2nd period - Stopped by Antti Niemi with a rebound.
7:14 of 2nd period - Slapshot by Brent Seabrook.
7:14 of 2nd period - Stopped by Antti Niemi without a rebound.
7:15 of 2nd period - Peter Prucha wins face-off versus Mikko Koivu in Panthers zone.
7:27 of 2nd period - Taylor Hall is hit by Dmitri Kalinin and loses puck.
7:42 of 2nd period - Sergei Samsonov is hit by Marco Scandella and loses puck.
8:02 of 2nd period - Wrist shot by Eric Gelinas.
8:02 of 2nd period - Stopped by Antti Niemi without a rebound.
8:03 of 2nd period - Mikko Koivu wins face-off versus Scott Gomez in Panthers zone.
8:06 of 2nd period - Snap shot by Dustin Brown.
8:06 of 2nd period - Shot Hit the Post.
8:08 of 2nd period - Minor Penalty to Scott Gomez for High sticking.
8:09 of 2nd period - Sidney Crosby wins face-off versus Derek Roy in Panthers zone.
9:18 of 2nd period - Snap shot by Shawn Horcoff.
9:18 of 2nd period - Goal by Shawn Horcoff - Jets : 1 - Panthers : 1.
9:19 of 2nd period - Sidney Crosby wins face-off versus Derek Roy in neutral zone.
9:24 of 2nd period - Slapshot by Sidney Crosby.
9:24 of 2nd period - Stopped by Kari Lehtonen with a rebound.
9:36 of 2nd period - Snap shot by Dustin Brown.
9:36 of 2nd period - Shot Blocked by Steve Montador.
10:08 of 2nd period - Penalty to Scott Gomez is over, Scott Gomez is back on ice.
10:26 of 2nd period - Slapshot by Oliver Ekman-Larsson.
10:26 of 2nd period - Shot Misses the Net.
10:28 of 2nd period - Slapshot by Brad Stuart.
10:28 of 2nd period - Deflect By Ryan Bayda.
10:28 of 2nd period - Stopped by Kari Lehtonen with a rebound.
10:42 of 2nd period - Snap shot by Taylor Hall.
10:42 of 2nd period - Stopped by Kari Lehtonen with a rebound.
10:44 of 2nd period - Wrist shot by Peter Prucha.
10:44 of 2nd period - Deflect By Taylor Hall.
10:44 of 2nd period - Stopped by Kari Lehtonen with a rebound.
11:05 of 2nd period - Alexander Perezhogin is hit by Jussi Jokinen and loses puck.
11:47 of 2nd period - Snap shot by Zack Hamill.
11:47 of 2nd period - Stopped by Antti Niemi without a rebound.
11:48 of 2nd period - Sidney Crosby wins face-off versus Blake Wheeler in Panthers zone.
12:19 of 2nd period - Wrist shot by Scott Gomez.
12:19 of 2nd period - Goal by Scott Gomez - Jets : 1 - Panthers : 2.
12:20 of 2nd period - Sidney Crosby wins face-off versus Mikko Koivu in neutral zone.
13:16 of 2nd period - Wrist shot by Taylor Hall.
13:16 of 2nd period - Shot Blocked by Eric Gelinas.
14:10 of 2nd period - Shawn Horcoff is hit by Marco Scandella and loses puck.
14:56 of 2nd period - Nick Schultz is hit by Marcel Hossa and loses puck.
15:37 of 2nd period - Snap shot by Eric Gelinas.
15:37 of 2nd period - Deflect By Sergei Samsonov.
15:37 of 2nd period - Stopped by Antti Niemi with a rebound.
15:39 of 2nd period - Snap shot by Jussi Jokinen.
15:39 of 2nd period - Shot Misses the Net.
15:41 of 2nd period - Snap shot by Derek Roy.
15:41 of 2nd period - Shot Misses the Net.
15:47 of 2nd period - Wrist shot by Derek Roy.
15:47 of 2nd period - Shot Misses the Net.
15:49 of 2nd period - Snap shot by Eric Gelinas.
15:49 of 2nd period - Deflect By Brad Stuart.
15:49 of 2nd period - Stopped by Antti Niemi with a rebound.
15:55 of 2nd period - Minor Penalty to Marian Hossa for Roughing.
15:56 of 2nd period - Derek Roy wins face-off versus Sidney Crosby in Panthers zone.
16:29 of 2nd period - Slapshot by Anton Volchenkov.
16:29 of 2nd period - Deflect By Mikko Koivu.
16:29 of 2nd period - Stopped by Antti Niemi with a rebound.
16:31 of 2nd period - Slapshot by Jussi Jokinen.
16:31 of 2nd period - Shot Blocked by Oliver Ekman-Larsson.
16:33 of 2nd period - Slapshot by Brent Seabrook.
16:33 of 2nd period - Shot Misses the Net.
17:48 of 2nd period - Derek Roy is hit by Oliver Ekman-Larsson and loses puck.
17:55 of 2nd period - Penalty to Marian Hossa is over, Marian Hossa is back on ice.
17:59 of 2nd period - Brad Stuart is hit by Dmitri Kalinin and loses puck.
18:04 of 2nd period - Slapshot by Zack Hamill.
18:04 of 2nd period - Shot Misses the Net.
18:06 of 2nd period - Slapshot by Michael Rupp.
18:06 of 2nd period - Shot Blocked by Marian Hossa.
18:08 of 2nd period - Slapshot by Eric Gelinas.
18:08 of 2nd period - Stopped by Antti Niemi without a rebound.
18:09 of 2nd period - Scott Gomez wins face-off versus Zack Hamill in Panthers zone.
18:22 of 2nd period - Snap shot by Zack Hamill.
18:22 of 2nd period - Stopped by Antti Niemi without a rebound.
18:23 of 2nd period - Tyler Seguin wins face-off versus Taylor Hall in Panthers zone.
18:48 of 2nd period - Dmitri Kalinin is hit by Marian Hossa.
18:54 of 2nd period - Wrist shot by Sidney Crosby.
18:54 of 2nd period - Goal by Sidney Crosby - Jets : 1 - Panthers : 3.
18:55 of 2nd period - Mikko Koivu wins face-off versus Sidney Crosby in neutral zone.
18:58 of 2nd period - Slapshot by Anton Volchenkov.
18:58 of 2nd period - Stopped by Antti Niemi without a rebound.
18:59 of 2nd period - Sidney Crosby wins face-off versus Mikko Koivu in Panthers zone.
18:59 of 2nd period - Sidney Crosby is hit by Anton Volchenkov.
19:59 of 2nd period - Slapshot by Dmitri Kalinin.
19:59 of 2nd period - Shot Misses the Net.
Goals for this period are 0 for Jets vs 3 for Panthers.
Shots for this period are 12 for Jets vs 8 for Panthers.

3rd period


0:01 of 3rd period - Sidney Crosby wins face-off versus Mikko Koivu in neutral zone.
0:31 of 3rd period - Wrist shot by Derek Roy.
0:31 of 3rd period - Goal by Derek Roy - Jets : 2 - Panthers : 3.
0:32 of 3rd period - Sidney Crosby wins face-off versus Derek Roy in neutral zone.
0:35 of 3rd period - Brent Seabrook is hit by Marian Hossa and loses puck.
1:21 of 3rd period - Wrist shot by Mike Fisher.
1:21 of 3rd period - Stopped by Kari Lehtonen with a rebound.
1:29 of 3rd period - Snap shot by Mike Fisher.
1:29 of 3rd period - Shot Misses the Net.
1:31 of 3rd period - Snap shot by Oliver Ekman-Larsson.
1:31 of 3rd period - Deflect By Tyler Seguin.
1:31 of 3rd period - Stopped by Kari Lehtonen without a rebound.
1:32 of 3rd period - Sidney Crosby wins face-off versus Derek Roy in Jets zone.
1:43 of 3rd period - Wrist shot by Sergei Samsonov.
1:43 of 3rd period - Shot Misses the Net.
1:53 of 3rd period - Minor Penalty to Derek Roy for Hooking.
1:54 of 3rd period - Tyler Seguin wins face-off versus Sidney Crosby in Jets zone.
3:53 of 3rd period - Penalty to Derek Roy is over, Derek Roy is back on ice.
4:02 of 3rd period - Jeff Tambellini is hit by Marcel Hossa and loses puck.
4:25 of 3rd period - Snap shot by Ryan Bayda.
4:25 of 3rd period - Stopped by Kari Lehtonen with a rebound.
5:26 of 3rd period - Wrist shot by Marian Hossa.
5:26 of 3rd period - Deflect By Sergei Samsonov.
5:26 of 3rd period - Shot Blocked by Blake Wheeler.
5:26 of 3rd period - Puck is out of play.
5:27 of 3rd period - Derek Roy wins face-off versus Sergei Samsonov in Jets zone.
5:58 of 3rd period - Wrist shot by Scott Gomez.
5:58 of 3rd period - Stopped by Kari Lehtonen without a rebound.
5:59 of 3rd period - Sidney Crosby wins face-off versus Mikko Koivu in Jets zone.
6:59 of 3rd period - Snap shot by Shawn Horcoff.
6:59 of 3rd period - Stopped by Kari Lehtonen with a rebound.
7:11 of 3rd period - Snap shot by Ryan Bayda.
7:11 of 3rd period - Goal by Ryan Bayda - Jets : 2 - Panthers : 4.
7:12 of 3rd period - Mikko Koivu wins face-off versus Sidney Crosby in neutral zone.
7:25 of 3rd period - Wrist shot by Benoit Pouliot.
7:25 of 3rd period - Stopped by Antti Niemi with a rebound.
7:27 of 3rd period - Minor Penalty to Sergei Samsonov for Hooking.
7:28 of 3rd period - Sidney Crosby wins face-off versus Derek Roy in Panthers zone.
8:03 of 3rd period - Off-side.
8:04 of 3rd period - Derek Roy wins face-off versus Sidney Crosby in neutral zone.
8:09 of 3rd period - Snap shot by Sidney Crosby.
8:09 of 3rd period - Shot Hit the Post.
8:47 of 3rd period - Matthew Spiller is hit by Mikko Koivu and loses puck.
8:52 of 3rd period - Snap shot by Jussi Jokinen.
8:52 of 3rd period - Deflect By Scott Gomez.
8:52 of 3rd period - Shot Misses the Net.
8:52 of 3rd period - Puck is out of play.
8:53 of 3rd period - Marian Hossa wins face-off versus Derek Roy in Panthers zone.
9:10 of 3rd period - Snap shot by Derek Roy.
9:10 of 3rd period - Stopped by Antti Niemi with a rebound.
9:27 of 3rd period - Penalty to Sergei Samsonov is over, Sergei Samsonov is back on ice.
10:04 of 3rd period - Snap shot by Ryan Bayda.
10:04 of 3rd period - Shot Misses the Net.
10:06 of 3rd period - Slapshot by Brad Stuart.
10:06 of 3rd period - Stopped by Kari Lehtonen with a rebound.
10:08 of 3rd period - Slapshot by Oliver Ekman-Larsson.
10:08 of 3rd period - Deflect By Matt Halischuk.
10:08 of 3rd period - Stopped by Kari Lehtonen with a rebound.
10:26 of 3rd period - Wrist shot by Jussi Jokinen.
10:26 of 3rd period - Stopped by Antti Niemi with a rebound.
10:28 of 3rd period - Snap shot by Jussi Jokinen.
10:28 of 3rd period - Shot Misses the Net.
10:30 of 3rd period - Wrist shot by Jussi Jokinen.
10:30 of 3rd period - Shot Blocked by Sergei Samsonov.
10:55 of 3rd period - Wrist shot by Taylor Hall.
10:55 of 3rd period - Stopped by Kari Lehtonen with a rebound.
11:05 of 3rd period - Alexander Perezhogin is hit by Michael Rupp and loses puck.
11:21 of 3rd period - Icing by Michael Rupp.
11:22 of 3rd period - Zack Hamill wins face-off versus Mike Fisher in Jets zone.
11:22 of 3rd period - Zack Hamill is hit by Matt Halischuk.
11:54 of 3rd period - Snap shot by Brent Seabrook.
11:54 of 3rd period - Shot Blocked by Mike Fisher.
11:56 of 3rd period - Minor Penalty to Erik Gudbranson for Charging.
11:57 of 3rd period - Sidney Crosby wins face-off versus Derek Roy in Panthers zone.
13:56 of 3rd period - Penalty to Erik Gudbranson is over, Erik Gudbranson is back on ice.
14:05 of 3rd period - Wrist shot by Erik Gudbranson.
14:05 of 3rd period - Stopped by Kari Lehtonen with a rebound.
14:11 of 3rd period - Wrist shot by Matt Halischuk.
14:11 of 3rd period - Shot Misses the Net.
14:23 of 3rd period - Brent Seabrook is hit by Erik Gudbranson.
14:45 of 3rd period - Lee Stempniak is hit by Matt Halischuk.
15:05 of 3rd period - Dustin Brown is hit by Peter Prucha and loses puck.
15:33 of 3rd period - Minor Penalty to Nick Schultz for Roughing.
15:34 of 3rd period - Derek Roy wins face-off versus Sidney Crosby in Panthers zone.
15:35 of 3rd period - Wrist shot by Benoit Pouliot.
15:35 of 3rd period - Stopped by Antti Niemi with a rebound.
16:28 of 3rd period - Shawn Horcoff is hit by Benoit Pouliot and loses puck.
16:57 of 3rd period - Eric Gelinas is hit by Marian Hossa and loses puck.
17:16 of 3rd period - Slapshot by Matthew Spiller.
17:16 of 3rd period - Deflect By Jussi Jokinen.
17:16 of 3rd period - Stopped by Kari Lehtonen with a rebound.
17:33 of 3rd period - Penalty to Nick Schultz is over, Nick Schultz is back on ice.
17:49 of 3rd period - Snap shot by Michael Rupp.
17:49 of 3rd period - Shot Misses the Net.
17:51 of 3rd period - Slapshot by Adam Pardy.
17:51 of 3rd period - Stopped by Antti Niemi without a rebound.
17:52 of 3rd period - Shawn Horcoff wins face-off versus Derek Roy in Panthers zone.
17:59 of 3rd period - Slapshot by Steve Montador.
17:59 of 3rd period - Shot Misses the Net.
18:41 of 3rd period - Snap shot by Marcel Hossa.
18:41 of 3rd period - Shot Misses the Net.
18:47 of 3rd period - Wrist shot by Eric Fehr.
18:47 of 3rd period - Deflect By Marcel Hossa.
18:47 of 3rd period - Shot Blocked by Marian Hossa.
18:47 of 3rd period - Puck is out of play.
18:48 of 3rd period - Sidney Crosby wins face-off versus Tyler Seguin in Panthers zone.
19:10 of 3rd period - Wrist shot by Shawn Horcoff.
19:10 of 3rd period - Shot Blocked by Lee Stempniak.
Goals for this period are 1 for Jets vs 1 for Panthers.
Shots for this period are 6 for Jets vs 11 for Panthers.